 Dungeon Crawl Stone Soup version 0.15.0-34-g666c3a1 (webtiles) character file.

10794019 DuloT34 the Invulnerable (level 27, 253/253 (273) HPs)
             Began as a Minotaur Fighter on Sept 9, 2014.
             Was a High Priest of the Shining One.
             Escaped with the Orb
             ... and 15 runes on Sept 16, 2014!
             The game lasted 12:54:20 (154259 turns).

DuloT34 the Invulnerable (Minotaur Fighter)       Turns: 154259, Time: 12:54:20

HP 253/253 (273) AC 44     Str 26      XL: 27
MP  38/38        EV 32     Int  6 (9)  God: the Shining One [*****.]
Gold 10232       SH 41     Dex 21      Spells:  2 memorised, 18 levels left

rFire  + + +     SeeInvis .     i - +10 sword of Jihad {holy, *Rage rN+ EV+3 Stlth-}
rCold  + + +     Rnd*Rage +     O - +7 crystal plate armour
rNeg   + + +     rCorr    .     B - +0 large shield {rC+ rF+}
rPois  +         rRot     .     y - +1 hat of the Depths {rC+ MR+}
rElec  .         Spirit   .     M - -2 cloak of Catatonia {rPois rN+ Dex+3 Slay+2}
SustAb .         Warding  .     Q - +0 pair of gloves {Dex+3}
rMut   +         Stasis   .     w - +1 pair of boots {run} (curse)
Gourm  .                        j - amulet of resist mutation
MR     +++..                    W - cursed ring "Vacu Cat" {rF+ Int+3 Slay+4}
                                D - cursed ring of Devotion {rF+ rC+}

@: divine shield, glowing, quick, extremely resistant to hostile enchantments,
extremely unstealthy
A: retaliatory headbutt, horns 2, breathe flames 1, clumsy 1, low mp 1, wild
magic 1
a: Divine Shield, Cleansing Flame, Summon Divine Warrior, Renounce Religion,
Breathe Fire
0: Orb of Zot
}: 15/15 runes: serpentine, barnacled, slimy, silver, golden, iron, obsidian,
icy, bone, abyssal, demonic, glowing, magical, fiery, dark


You escaped.
You worshipped the Shining One.
The Shining One was extremely pleased with you.
You were very full.

You visited 18 branches of the dungeon, and saw 97 of its levels.
You visited Pandemonium 10 times, and saw 20 of its levels.
You visited the Abyss 15 times.
You visited 2 bazaars.
You visited 1 Ziggurat, and saw 9 of its levels.
You also visited: Wizlab.

You collected 19086 gold pieces.
You spent 3297 gold pieces at shops.
You donated 5557 gold pieces to Zin.

Inventory:

Hand weapons
 i - the +10 sword of Jihad (weapon) {holy, *Rage rN+ EV+3 Stlth-}
   (Okawaru gifted it to you on level 5 of the Lair of Beasts)

   It has been blessed by the Shining One to cause great damage to the undead
   and demons.
   It affects your evasion (+3).
   It protects you from negative energy.
   It may make you go berserk in combat.
   It makes you less stealthy.
Missiles
 c - 6 javelins of returning (quivered)
Armour
 w - a cursed +1 pair of boots of running (worn)
 y - the +1 hat of the Depths (worn) {rC+ MR+}
   (You found it in Pandemonium)

   It protects you from cold.
   It affects your resistance to hostile enchantments.
 B - a +0 large shield of resistance (worn)
 M - the cursed -2 cloak of Catatonia (worn) {rPois rN+ Dex+3 Slay+2}
   (You found it in a wizard's laboratory)

   It affects your dexterity (+3).
   It affects your accuracy and damage with ranged weapons and melee attacks
   (+2).
   It protects you from poison.
   It protects you from negative energy.
   It has a curse placed upon it.
 O - a +7 crystal plate armour (worn)
 Q - a +0 pair of gloves of dexterity (worn)
Magical devices
 A - a wand of heal wounds (0)
 E - a wand of teleportation (0)
 I - a wand of disintegration (10)
 N - a wand of heal wounds (2)
 V - a wand of teleportation (2)
Comestibles
 d - 12 bread rations
 f - 14 meat rations
Scrolls
 b - 23 scrolls of teleportation
 e - 3 scrolls of holy word
 h - 16 scrolls of blinking
 r - 2 scrolls of silence
 x - 11 scrolls of fear
 z - 8 scrolls of enchant weapon
 C - 7 scrolls of vulnerability
 J - 24 scrolls of remove curse
 L - 10 scrolls of fog
 R - 6 scrolls of recharging
 T - 10 scrolls of identify
 X - 2 scrolls of summoning
Jewellery
 a - an uncursed amulet of stasis
 g - the cursed amulet of Denn {Spirit rElec rN+ MR+}
   (You found it in Pandemonium)

   [amulet of guardian spirit]

   It causes incoming damage to be split between your health and magic.
   It insulates you from electricity.
   It protects you from negative energy.
   It affects your resistance to hostile enchantments.
   It has a curse placed upon it.
 j - an amulet of resist mutation (around neck)
 k - the ring of Lailammakeo {+Fly Dex+3 Int+3}
   (You bought it in a shop on level 4 of the Orcish Mines)

   [ring of flight]

   It affects your intelligence (+3).
   It affects your dexterity (+3).
   It lets you fly.
 m - the cursed ring of Creativity {SustAb rPois Dex+3 Int+2 Stlth--}
   (You found it on level 3 of the Tomb of the Ancients)

   [ring of sustain abilities]

   It sustains your strength, intelligence and dexterity.
   It affects your intelligence (+2).
   It affects your dexterity (+3).
   It protects you from poison.
   It makes you much less stealthy.
   It has a curse placed upon it.
 o - the cursed ring "Imin" {rElec Str+3 Int+2 Stlth-}
   (You found it on level 3 of the Tomb of the Ancients)

   [ring of loudness]

   It affects your strength (+3).
   It affects your intelligence (+2).
   It insulates you from electricity.
   It makes you less stealthy.
   It has a curse placed upon it.
 u - a cursed amulet of clarity
 D - the cursed ring of Devotion (left hand) {rF+ rC+}
   (You took it off a deep elf blademaster on level 3 of the Elven Halls)

   [ring of protection from cold]

   It protects you from fire.
   It protects you from cold.
   It has a curse placed upon it.
 U - a cursed amulet of resist corrosion
 W - the cursed ring "Vacu Cat" (right hand) {rF+ Int+3 Slay+4}
   (You found it on level 7 of a ziggurat)

   [ring of protection from fire]

   It affects your intelligence (+3).
   It affects your accuracy and damage with ranged weapons and melee attacks
   (+4).
   It protects you from fire.
   It has a curse placed upon it.
 Y - the ring "Luzxud" {rC+ rN+ MR+ Stlth--}
   (You took it off an orc on level 5 of the Vaults)

   [ring of protection from magic]

   It protects you from cold.
   It protects you from negative energy.
   It affects your resistance to hostile enchantments.
   It makes you much less stealthy.
Potions
 l - 8 potions of curing
 n - a potion of might
 q - 2 potions of porridge
 F - a potion of brilliance
 G - 2 potions of agility
 H - 3 potions of cure mutation
 P - a potion of heal wounds
 S - a potion of restore abilities
 Z - a potion of resistance
Miscellaneous
 s - a lamp of fire
 t - a stone of tremors
 v - a lamp of fire
 K - a fan of gales


   Skills:
 O Level 27 Fighting
 O Level 27 Long Blades
   Level 4.4 Maces & Flails
 + Level 18.3 Throwing
 O Level 27 Armour
 O Level 27 Dodging
 O Level 27 Shields
 - Level 18.4 Charms
 O Level 27 Invocations
 + Level 17.5 Evocations


You had 18 spell levels left.
You knew the following spells:

 Your Spells              Type           Power        Failure   Level  Hunger
a - Shroud of Golubria    Chrm/Tloc      ###.......   22%         2    ###....
b - Haste                 Chrm           ####....     43%         6    #######


Dungeon Overview and Level Annotations

Branches:
Dungeon (15/15)            Temple (1/1) D:5             Orc (4/4) D:10
    Elf (3/3) Orc:3          Lair (8/8) D:10         Shoals (5/5) Lair:4
  Snake (5/5) Lair:6        Slime (6/6) Lair:8       Vaults (5/5) D:14
  Crypt (3/3) Vaults:3       Tomb (3/3) Crypt:3      Depths (5/5) D:15
   Hell (1/1)                 Dis (7/7) Hell            Geh (7/7) Hell
    Coc (7/7) Hell            Tar (7/7) Hell            Zot (5/5) Depths:5

Altars:
Ashenzari
Cheibriados
Dithmenos
Elyvilon
Fedhas
Kikubaaqudgha
Makhleb
Nemelex Xobeh
Okawaru
Qazlal
Sif Muna
Trog
Vehumet
Xom
Yredelemnul
Zin
The Shining One
Jiyva

Shops:
D:4 %   Orc:3 :   Orc:4 =:*?[   Elf:1 *   Shoals:3 !   Depths:1 =

Portals:
Hell: Depths:1 Depths:2 Depths:4 Depths:5
Abyss: Depths:4
Pandemonium: Depths:2
Trove: D:14 (give +5 fire dragon armour)

Annotations:
Lair:5 exclusion: oklob plant
Snake:5 exclusion: Roxanne, Roxanne


Innate Abilities, Weirdness & Mutations

You reflexively headbutt those who attack you in melee.
You have a pair of horns on your head.
You can breathe flames.
You are clumsy. (Dex -2)
Your magical capacity is low (-10% MP).
Your spells are a little harder to cast, but a little more powerful.


Message History

The Orb Guardian is severely wounded.
You slash the Orb Guardian!
The Orb Guardian is severely wounded.
The Orb Guardian hits you but does no damage.
You slice the Orb Guardian!!
You kill the Orb Guardian!
A sixfirhy comes into view.
You block the sixfirhy's attack. The sixfirhy completely misses you.
You furiously retaliate!
You headbutt the sixfirhy! You block the sixfirhy's attack.
The sixfirhy completely misses you. You furiously retaliate!
You headbutt the sixfirhy.
There is a large open door here.
You block the sixfirhy's attack. x3
You block the sixfirhy's attack. You block the sixfirhy's attack. x2
There is a large open door here.
You block the sixfirhy's attack. x2
There is a staircase leading out of the dungeon here.
You have escaped!

.####.##≈.#≈..........≈#.≈# #
≈#.##.##≈.#≈≈≈≈≈..≈≈≈≈≈#.≈# #
≈#..#.##≈.######''######.≈#### #
≈#......≈.#.........§..#.≈...# #
≈#.##.#.≈.#≈≈≈≈≈..≈≈§≈§#.≈##%# #
§####...≈.#≈≈≈≈≈..≈≈§≈§#.≈##.####
≈# #.#.≈.#............#.≈##..##.
≈####.#.≈.######4'######.≈.......
§#......≈8#.....@......#8≈######.
≈#......≈.##############.≈######.
##......≈..8..........8..≈.......
........≈≈≈≈≈≈≈≈≈≈≈≈≈≈≈≈≈≈######.
.........########..######## ##
#####.#### ##..## # ####.####
##..# # ##.......## ##.#########
# #.........# #.(.......# #


You could see a sixfirhy.

Vanquished Creatures
  Asmodeus (Geh:7)
  the royal jelly (Slime:6)
  Ereshkigal (Tar:7)
  Gloorx Vloq (Pan)
  Mnoleg (Pan)
  Lom Lobon (Pan)
  5 orbs of fire
  Khufu (Crypt:2)
  the Serpent of Hell (Coc:7)
  7 pandemonium lords
  8 ancient liches
  15 greater mummies
  The ghost of ztt the Axe Maniac, a legendary GrFi of the Shining One (Pan)
  Saint Roka (Snake:5)
  Boris (Depths:4)
  The ghost of heinrich the Sniper, a great DsWn of Okawaru (Vaults:5)
  A seraph (Pan)
  A curse toe (Zot:4)
  Margery (Vaults:5)
  Norris (Shoals:4)
  8 Killer Klowns
  Mara (Vaults:3)
  Mennas (Vaults:4)
  Geryon (Hell)
  6 golden dragons
  A profane servitor (Abyss:1)
  Jory (Vaults:3)
  An electric golem (Zot:5)
  the Enchantress (Depths:1)
  8 bone dragons
  Nikola (Snake:3)
  27 Brimstone Fiends
  26 Hell Sentinels
  10 tentacled monstrosities
  14 liches
  15 Ice Fiends
  Vashnia (Snake:4)
  2 hellephants (Abyss:1)
  27 Orb Guardians
  21 titans
  3 deep elf blademasters
  26 Shadow Fiends
  A quicksilver dragon (shapeshifter) (Zig:8)
  9 deep elf master archers
  34 Executioners
  4 quicksilver dragons
  An octopode crusher (Abyss:3)
  Polyphemus (Shoals:2)
  18 storm dragons
  2 krakens (Shoals:5)
  26 tentacled starspawn
  28 acid blobs
  13 eldritch tentacles
  14 ancient champions
  Rupert (Lair:4)
  10 sphinxes
  Agnes (Vaults:3)
  Frances (Elf:1)
  8 daevas (Pan)
  4 tengu reavers
  14 shadow dragons
  6 draconian monks
  8 corrupters (Pan)
  12 azure jellies
  Ilsuiw (Shoals:5)
  18 frost giants
  3 revenants (Crypt:3)
  Wiglaf (Vaults:1)
  9 greater nagas
  2 frost giants (shapeshifter)
  A ghost moth (shapeshifter) (Depths:2)
  Maud (Lair:4)
  15 vault wardens
  29 fire giants
  17 iron dragons
  30 balrugs
  11 deep elf sorcerers
  4 draconian scorchers
  Aizul (Snake:5)
  Louise (Shoals:4)
  8 draconian zealots
  2 draconian knights (Zot:3)
  7 emperor scorpions
  25 cacodemons
  Gastronok (Lair:1)
  7 warmongers (Pan)
  17 angels
  A stone giant (shapeshifter) (Zig:8)
  9 ghouls
  23 war gargoyles
  6 spriggan defenders
  67 reapers
  9 very ugly things
  10 blood saints (Pan)
  5 draconian annihilators
  2 draconian shifters
  32 stone giants
  9 ophanim (Pan)
  13 rakshasas
  14 deep elf demonologists
  4 grey draconians
  A curse skull (Crypt:1)
  A draconian caller (Zot:1)
  5 green draconians
  13 deep elf annihilators
  5 apis (Pan)
  13 lorocyprocas
  A black sun (Pan)
  7 yellow draconians
  5 vampire knights
  2 purple draconians
  2 dire elephants
  9 mottled draconians
  11 red draconians
  7 white draconians
  6 salamander firebrands
  An unborn (Hell)
  7 pale draconians
  10 chaos champions
  2 black draconians
  The ghost of dibs the Fighter, a powerful GrMo of Qazlal (D:11)
  10 ettins
  16 mummy priests
  11 crystal guardians (Elf:3)
  5 merfolk javelineers (Shoals:5)
  37 vault guards
  7 merfolk impalers
  14 great orbs of eyes
  A spectral quicksilver dragon (Tar:4)
  8 deep elf death magi
  7 eidola
  32 green deaths
  6 deep elf high priests
  34 blizzard demons
  2 jiangshi
  20 ironheart preservers
  4 quicksilver dragon zombies
  5 death oozes
  15 fire dragons
  A kraken zombie (Coc:7)
  22 yaktaur captains
  5 minotaurs
  3 ghost crabs
  Fannar (Lair:5)
  2 ravenous item mimics
  A very ugly thing skeleton (D:15)
  6 hydras
  14 ogre magi
  13 naga warriors
  3 death cobs
  A ghost crab (shapeshifter) (Vaults:5)
  22 monstrous demonspawn (Pan)
  28 ice dragons
  Nessos (Orc:3)
  3 quicksilver dragon skeletons
  A siren (shapeshifter) (Depths:5)
  An anaconda (shapeshifter) (Vaults:5)
  An alligator (shapeshifter) (Vaults:5)
  5 merfolk aquamancers
  5 spriggan air magi
  13 anacondas
  An alligator snapping turtle (Shoals:2)
  4 death knights
  9 sirens
  A satyr (Shoals:5)
  55 death yaks
  2 tengu warriors
  6 titan zombies
  9 deep troll earth magi
  6 orc high priests
  A vampire mage (Depths:4)
  12 centaur warriors
  7 spriggan berserkers
  19 thrashing horrors
  47 sun demons
  14 naga sharpshooters
  A shock serpent (shapeshifter) (Vaults:4)
  5 shock serpents
  7 deep troll shamans
  35 soul eaters
  6 iron golems (Dis:7)
  3 storm dragon zombies
  26 hell knights
  3 catoblepae
  26 hell hogs
  36 ice devils
  17 shadow wraiths
  16 wretched stars
  9 iron trolls (Dis:7)
  23 deep elf knights
  3 titan skeletons
  9 spatial maelstroms
  118 skeletal warriors
  4 storm dragon skeletons
  3 salamander mystics
  The ghost of tehnar the Tainter, an experienced DrVM of Vehumet (D:9)
  3 fire crabs
  25 flayed ghosts
  11 cherubim (Pan)
  22 deep trolls
  A spectral ghost moth (Tar:4)
  An orb spider (shapeshifter) (Depths:3)
  4 death drakes
  A deep troll (shapeshifter) (Depths:2)
  4 golden dragon zombies
  9 wizards
  27 infernal demonspawn (Pan)
  85 large abominations
  7 unseen horrors
  23 sea snakes
  21 gelid demonspawn (Pan)
  9 anaconda zombies
  14 deep elf summoners
  19 torturous demonspawn (Pan)
  An unseen horror (shapeshifter) (Vaults:4)
  23 shadow demons
  An ice statue (Coc:7)
  91 starcursed masses
  6 hill giants
  A silver statue (WizLab)
  A lindwurm (Lair:8)
  17 necromancers
  8 putrid demonspawn (Pan)
  4 giant orange brains
  2 golden dragon skeletons
  10 orc knights
  2 shadow dragon zombies
  3 naga ritualists
  6 anaconda skeletons
  43 ugly things
  22 harpies
  45 hellions
  6 shining eyes
  7 cyclopes
  A cyclops (shapeshifter) (Vaults:5)
  16 deep elf conjurers
  8 fauns
  13 ironbrand convokers
  7 wolf spider zombies
  4 draconian zombies
  4 iron dragon zombies
  An ugly thing zombie (D:15)
  10 mana vipers
  5 fire giant zombies
  3 orc sorcerers
  2 red wasps (shapeshifter)
  14 salamanders
  4 shadow dragon skeletons
  2 frost giant zombies
  A shining eye (shapeshifter) (Depths:2)
  9 hell beasts
  A red wasp (Vaults:4)
  11 manticores
  2 tengu skeletons
  7 stone giant zombies
  4 wolf spiders
  An octopode (shapeshifter) (Vaults:4)
  16 phantasmal warriors
  22 elephants
  A guardian serpent (shapeshifter) (D:15)
  A sphinx skeleton (Zig:7)
  2 moths of wrath (shapeshifter)
  19 moths of wrath
  8 water nymphs
  3 iron dragon skeletons
  20 griffons
  26 naga magi
  15 vault sentinels
  48 black mambas
  A frost giant skeleton (Zig:7)
  5 worldbinders
  12 spiny frogs
  4 stone giant skeletons
  3 dire elephant zombies
  A drowned soul (Abyss:3)
  42 sixfirhies
  4 shock serpent zombies
  5 eyes of devastation
  14 mermaids
  7 apocalypse crabs
  5 guardian serpents
  9 fire giant skeletons
  3 shock serpent skeletons
  69 smoke demons
  36 iron devils
  5 torpor snails
  An eye of devastation (shapeshifter) (Zig:9)
  An item mimic (Elf:1)
  5 spectral swamp worms (Depths:1)
  3 gargoyles
  5 dire elephant skeletons
  Psyche (D:10)
  5 molten gargoyles
  A mottled draconian zombie (Zot:4)
  A white draconian zombie (Dis:7)
  A black draconian zombie (Zot:5)
  A yellow draconian zombie (Zot:5)
  3 fire drakes
  2 purple draconian zombies (Zot:5)
  61 orange demons
  A pale draconian zombie (Zot:5)
  A red draconian zombie (Zot:5)
  An elf (shapeshifter) (Depths:5)
  A grey draconian zombie (Zot:2)
  2 anaconda simulacra (Hell)
  39 tormentors
  3 emperor scorpion zombies
  4 spriggan zombies
  A komodo dragon (shapeshifter) (Depths:4)
  109 yaktaurs
  A fire drake (shapeshifter) (D:14)
  2 tengu conjurers (Depths:2)
  An alligator snapping turtle skeleton (Crypt:1)
  11 efreet
  21 demonic crawlers
  9 komodo dragons
  12 deep elf priests
  105 guardian mummies
  A troll (shapeshifter) (Depths:2)
  A mana viper zombie (Crypt:2)
  A redback zombie (Vaults:5)
  25 two-headed ogres
  3 elf skeletons
  A green draconian skeleton (Crypt:1)
  Grinder (D:3)
  A queen bee (D:12)
  3 harpy zombies
  7 hydra zombies
  14 ancient zymes
  10 kobold demonologists
  A spectral harpy (Crypt:3)
  7 jumping spiders
  69 hellwings
  A fire vortex (Pan)
  A harpy skeleton (Coc:3)
  2 merfolk (shapeshifter)
  An iron troll skeleton (Crypt:1)
  6 trolls
  21 freezing wraiths
  3 silent spectres
  2 polar bears
  A red draconian skeleton (Geh:1)
  54 red devils
  22 merfolk
  18 blink frogs
  4 wind drakes
  42 blue devils
  6 hydra skeletons
  A raven (shapeshifter) (Vaults:3)
  4 boulder beetles
  2 catoblepas zombies
  A baby alligator (shapeshifter) (Vaults:1)
  45 raiju
  128 slime creatures
  A trapdoor spider (shapeshifter) (Vaults:4)
  5 alligator zombies
  12 bog bodies
  A catoblepas skeleton (Geh:2)
  131 flying skulls
  8 ettin zombies
  2 fire dragon zombies
  7 ice dragon zombies
  7 ravens
  15 snapping turtles
  A wyvern (Zig:4)
  2 ice dragon skeletons
  A tarantella (Vaults:3)
  14 redbacks
  An alligator skeleton (Tar:7)
  9 ettin skeletons
  2 spriggan skeletons
  4 fire dragon skeletons
  49 ynoxinuls
  17 water elementals
  21 wraiths
  5 spriggans
  3 basilisks
  6 black mamba skeletons
  46 shadows
  2 air elementals
  A hill giant zombie (D:15)
  73 yaks
  13 vampires
  2 yaks (shapeshifter)
  Eustachio (D:7)
  2 black mamba zombies
  14 golden eyes
  2 steam dragons
  17 hippogriffs
  Grum (Orc:1)
  29 deep elf magi
  48 neqoxecs
  4 fire bats (Abyss:1)
  18 humans (D:14)
  A spriggan simulacrum (Depths:1)
  16 chaos spawn
  4 vampire mosquitoes
  The ghost of rvm the Changer, an average MfTm (D:4)
  A putrid demonspawn zombie (Crypt:3)
  31 water moccasins
  19 fire elementals
  14 porcupines
  A raven zombie (Crypt:2)
  12 hungry ghosts
  9 wolves
  7 human zombies
  40 nagas
  A spectral spiny frog (Tomb:1)
  A soldier ant (D:10)
  15 spatial vortices
  A raven skeleton (Crypt:3)
  A torturous demonspawn zombie (Crypt:3)
  80 hell hounds
  3 ogre zombies
  6 spiny frog zombies
  35 deep elf fighters
  2 hippogriffs (shapeshifter)
  25 wargs
  A baby alligator zombie (Crypt:1)
  An ettin simulacrum (Tar:7)
  6 spiny frog skeletons
  2 black bears (Lair:8)
  9 ice beasts
  A deep dwarf (shapeshifter) (Vaults:4)
  A merfolk skeleton (Geh:4)
  An alligator simulacrum (Coc:1)
  A yellow wasp (shapeshifter) (Vaults:5)
  21 necrophages
  59 small abominations
  5 snapping turtle zombies
  A manticore zombie (Dis:6)
  11 phantoms
  7 yellow wasps
  5 boggarts
  3 elf zombies
  38 orc warriors
  2 manticore skeletons
  A boring beetle (Lair:4)
  3 snapping turtle skeletons
  64 ogres
  A lost soul (Elf:3)
  A boring beetle (shapeshifter) (Depths:3)
  16 crocodiles
  An elf simulacrum (Vaults:1)
  2 swamp dragon skeletons (Pan)
  30 centaurs
  A torpor snail zombie (Crypt:3)
  Sigmund (D:2)
  2 brain worms
  A dryad zombie (Crypt:3)
  11 big kobolds
  17 giant frogs
  A gnoll sergeant (D:6)
  A chimera skeleton (Crypt:3)
  15 insubstantial wisps
  A yaktaur skeleton (D:15)
  2 troll zombies
  A warg skeleton (Crypt:2)
  4 scorpions
  A yak zombie (D:8)
  A water moccasin skeleton (Crypt:3)
  32 killer bees
  A hippogriff zombie (D:11)
  A human simulacrum (Vaults:1)
  75 wights
  12 eyes of draining
  A troll skeleton (D:10)
  A spectral giant frog (Tar:4)
  3 electric eels
  A wolf zombie (Crypt:1)
  19 crimson imps
  3 goliath beetles
  14 quasits
  A gnoll shaman (D:8)
  39 orc priests
  A kobold zombie (D:10)
  14 hounds
  49 jellies
  2 centaur skeletons
  2 giant frog zombies
  A soldier ant zombie (Crypt:2)
  50 iron imps
  A basilisk skeleton (D:15)
  35 orc wizards
  5 human skeletons
  4 orange rats
  13 iguanas
  7 worker ants
  A mottled dragon zombie (D:13)
  A naga zombie (Tar:7)
  A big kobold zombie (D:6)
  14 sheep
  Ijyb (D:2)
  A tengu zombie (Tar:4)
  A dwarf skeleton (Crypt:2)
  An ogre skeleton (D:10)
  50 mummies
  24 adders
  12 gnolls
  104 green rats
  2 orc zombies (Orc:4)
  26 white imps
  22 shadow imps
  3 worms
  67 ufetubi
  2 adder zombies
  An adder skeleton (D:8)
  A halfling skeleton (Crypt:1)
  An iguana skeleton (D:5)
  A giant eyeball (Pan)
  4 giant geckos
  9 oozes
  252 orcs
  2 ball pythons
  32 bats
  4 giant cockroaches
  A gnoll zombie (D:5)
  19 goblins
  17 hobgoblins
  11 jackals
  24 kobolds
  10 quokkas
  4 giant newts
  A goblin zombie (Crypt:3)
  A hobgoblin skeleton (D:5)
  A hobgoblin zombie (D:8)
  A kobold skeleton (Tar:1)
  7 orc skeletons
  A quokka zombie (Crypt:1)
  30 rats
  A spectral kobold (Crypt:2)
  A spectral orc (Tomb:3)
  14 ballistomycetes
  5 crawling corpses
  An eldritch tentacle segment (WizLab)
  3 grand avatars (Pan)
  2 plants
  13 starspawn tentacles
  7 tentacles
6448 creatures vanquished.

Vanquished Creatures (collateral kills)
  Antaeus (Coc:7)
  Dispater (Dis:7)
  4 greater mummies
  A Killer Klown (Zot:5)
  3 Brimstone Fiends
  A bone dragon (Tar:4)
  5 Ice Fiends (Coc:7)
  A tentacled monstrosity (Pan)
  5 Shadow Fiends
  A titan (Pan)
  7 Executioners (Pan)
  An eldritch tentacle (Coc:7)
  2 sphinxes
  A shadow dragon (Tar:7)
  A draconian monk (Zot:3)
  2 fire giants (Geh:7)
  An iron dragon (Dis:7)
  2 balrugs (Geh:7)
  A frost giant (Coc:7)
  2 cacodemons (Pan)
  3 ghouls (Crypt:3)
  10 reapers
  A draconian shifter (Zot:5)
  A grey draconian (Zot:5)
  4 salamander firebrands
  A red draconian (Zot:1)
  A lorocyproca (Pan)
  2 mottled draconians (Zot:3)
  A white draconian (Zot:3)
  A green draconian (Zot:3)
  A purple draconian (Zot:3)
  A pale draconian (Zot:5)
  A black draconian (Zot:5)
  A deep elf death mage (Crypt:3)
  An eidolon (Tar:7)
  4 mummy priests
  A kraken zombie (Coc:7)
  A quicksilver dragon skeleton (Pan)
  A ghost crab (Tar:4)
  3 ice dragons (Coc:7)
  A monstrous demonspawn (Pan)
  A titan zombie (Geh:6)
  A human zombie (Zot:5)
  5 soul eaters
  A hell hog (Geh:6)
  A titan skeleton (Tar:7)
  An iron troll (Dis:7)
  5 sun demons
  A salamander mystic (Geh:7)
  10 skeletal warriors
  2 large abominations (Pan)
  3 shadow wraiths
  4 ice devils
  A golden dragon zombie (Dis:7)
  3 shadow demons
  A spectral hydra (Tar:4)
  A putrid demonspawn (Pan)
  A shadow dragon zombie (Tar:7)
  2 anaconda skeletons (Coc:7)
  2 phantasmal warriors
  4 salamanders (Geh:7)
  2 hellions (Geh:7)
  2 stone giant zombies
  2 fire giant zombies
  An iron dragon skeleton (Geh:7)
  A spectral ice dragon (Tar:4)
  A dire elephant zombie (Tar:6)
  5 sixfirhies
  A shock serpent zombie (Geh:4)
  2 fire giant skeletons
  9 orange demons
  A dire elephant skeleton (Geh:4)
  2 molten gargoyles (Geh:7)
  A shock serpent skeleton (Geh:7)
  An iron devil (Tar:4)
  2 yaktaurs (Vaults:3)
  A grey draconian zombie (Zot:5)
  A tormentor (Pan)
  26 guardian mummies
  2 hydra zombies
  A demonic crawler (Pan)
  A harpy zombie (Geh:7)
  A hellwing (Pan)
  A silent spectre (Tar:7)
  3 blue devils (Coc:7)
  A catoblepas zombie (Coc:2)
  2 freezing wraiths (Coc:7)
  A raiju (Zig:3)
  2 red devils (Geh:7)
  7 slime creatures
  2 alligator zombies (Coc:7)
  3 bog bodies
  2 catoblepas skeletons
  6 shadows
  A harpy skeleton (Tomb:1)
  2 ice dragon skeletons
  2 water elementals (Coc:7)
  A chaos spawn (Coc:7)
  8 flying skulls
  2 fire elementals
  2 wraiths
  5 golden eyes (Pan)
  A spiny frog zombie (Coc:2)
  A spatial vortex (Abyss:3)
  A hydra simulacrum (Tar:7)
  A merfolk skeleton (Coc:2)
  2 spiny frog skeletons
  A swamp dragon zombie (Tar:7)
  A necrophage (Tar:3)
  A crocodile (Lair:1)
  2 hell hounds (Geh:7)
  A snapping turtle skeleton (Coc:7)
  A spectral wolf (Tar:4)
  4 wights
  A jelly (Slime:1)
  A centaur zombie (Geh:4)
  A crimson imp (Geh:7)
  An iron imp (Vaults:2)
  A spectral killer bee (Tar:4)
  4 mummies (Tomb:1)
  2 shadow imps (Tar:7)
  A white imp (Coc:7)
  An orc zombie (Geh:4)
  A plant (D:10)
  2 tentacles (Coc:7)
286 creatures vanquished.

Vanquished Creatures (others)
  Cerebov (Pan)
  A golden dragon (Zot:5)
  An Executioner (Pan)
  An eldritch tentacle (WizLab)
  3 deep elf master archers
  12 daevas
  A fire giant (Abyss:1)
  5 angels
  A deep elf annihilator (Elf:3)
  A purple draconian (Zot:5)
  A green death (Pan)
  A deep elf high priest (Depths:5)
  A naga warrior (Snake:5)
  An ogre mage (Vaults:3)
  A hell hog (Hell)
  A large abomination (Zig:6)
  A cherub (Pan)
  An anaconda zombie (Dis:7)
  A harpy (Vaults:5)
  19 drowned souls
  A tormentor (Geh:6)
  3 yaktaurs
  A guardian mummy (Crypt:3)
  A deep elf priest (Depths:5)
  7 fire elementals
  A hydra skeleton (Coc:5)
  A flying skull (Geh:6)
  A black mamba zombie (Geh:7)
  2 deep elf magi
  A wyvern (Zig:4)
  A warg (Vaults:4)
  4 deep elf fighters
  A spiny frog zombie (Hell)
  A spider (shapeshifter) (Vaults:4)
  A small abomination (Abyss:3)
  A necrophage (Geh:7)
  A naga (Snake:5)
  3 ogres
  An earth elemental (Slime:6)
  A centaur (Depths:4)
  15 lost souls
  A quasit (Tomb:3)
  A human zombie (Dis:7)
  An iron imp (Dis:7)
  An orange rat (Elf:3)
  A mummy (Tomb:2)
  An adder (D:10)
  A green rat (Lair:2)
  2 white imps
  5 ufetubi
  5 orcs
  6 giant spores
  A kobold (Vaults:3)
  4 lurking horrors
  2 crawling corpses
  6071 eldritch tentacle segments
  7 fungi
  14 plants
  45 starspawn tentacles
  251 starspawn tentacle segments
  23 tentacles
  106 tentacle segments
6653 creatures vanquished.

Grand Total: 13387 creatures vanquished

Notes
Turn   | Place    | Note
--------------------------------------------------------------
     0 | D:1      | DuloT34, the Minotaur Fighter, began the quest for the Orb.
     0 | D:1      | Reached XP level 1. HP: 19/19 MP: 1/1
   201 | D:1      | Reached XP level 2. HP: 24/26 MP: 1/1
   491 | D:1      | Reached skill level 1 in Dodging
   822 | D:2      | Reached XP level 3. HP: 20/31 MP: 2/2
   936 | D:2      | Reached skill level 4 in Long Blades
  1438 | D:2      | Noticed Sigmund
  1507 | D:2      | Killed Sigmund
  1507 | D:2      | Reached skill level 5 in Long Blades
  1507 | D:2      | Reached XP level 4. HP: 20/39 MP: 2/2
  1782 | D:2      | Noticed Ijyb
  1799 | D:2      | Killed Ijyb
  1799 | D:2      | Reached XP level 5. HP: 42/45 MP: 2/2
  2404 | D:3      | Reached skill level 6 in Long Blades
  2534 | D:3      | Reached XP level 6. HP: 38/51 MP: 3/3
  2807 | D:3      | Noticed Grinder
  2820 | D:3      | Killed Grinder
  2820 | D:3      | Reached skill level 7 in Long Blades
  2820 | D:3      | Reached XP level 7. HP: 35/57 MP: 3/3
  3188 | D:4      | Found a white marble altar of Elyvilon.
  3283 | D:4      | Noticed rvm's ghost (average MfTm)
  3317 | D:4      | Killed rvm's ghost
  3317 | D:4      | Reached skill level 8 in Long Blades
  3794 | D:4      | Found Shriel's Food Shop.
  3868 | D:5      | Entered Level 5 of the Dungeon
  3874 | D:5      | Got a pair of encrusted boots
  3880 | D:5      | Identified the +1 pair of boots of Winter {rPois} (You found it on level 5 of the Dungeon)
  4160 | D:5      | Reached skill level 9 in Long Blades
  4160 | D:5      | Reached skill level 5 in Dodging
  4526 | D:5      | Found a staircase to the Ecumenical Temple.
  4531 | Temple   | Entered the Ecumenical Temple
  4541 | Temple   | Became a worshipper of Warmaster Okawaru
  4723 | D:5      | Reached XP level 8. HP: 64/64 MP: 3/3
  5217 | D:5      | Reached skill level 10 in Long Blades
  6171 | D:6      | Acquired Okawaru's first power
  6171 | D:6      | Reached skill level 11 in Long Blades
  6685 | D:6      | Reached XP level 9. HP: 70/70 MP: 4/4
  6982 | D:7      | Reached skill level 12 in Long Blades
  7013 | D:7      | Found a shimmering altar of Xom.
  7020 | D:7      | Noticed Eustachio
  7040 | D:7      | Killed Eustachio
  7040 | D:7      | Reached skill level 1 in Invocations
  7656 | D:8      | Reached skill level 5 in Armour
  8373 | D:8      | Reached skill level 13 in Long Blades
  8699 | D:9      | Reached XP level 10. HP: 49/77 MP: 9/10
  8843 | D:9      | Noticed a two-headed hydra
  9116 | D:9      | Found a bloodstained altar of Trog.
  9693 | D:9      | Reached skill level 14 in Long Blades
  9743 | D:9      | Acquired Okawaru's second power
  9743 | D:9      | Reached skill level 5 in Invocations
  9905 | D:9      | Noticed a red ugly thing
  9924 | D:9      | Killed a red ugly thing
 10481 | D:10     | Entered Level 10 of the Dungeon
 11445 | D:10     | Reached skill level 15 in Long Blades
 11445 | D:10     | Reached XP level 11. HP: 30/82 MP: 11/14
 12244 | D:10     | Found a staircase to the Orcish Mines.
 12642 | D:10     | Found a staircase to the Lair.
 12767 | Lair:1   | Entered Level 1 of the Lair of Beasts
 12940 | Lair:1   | Received a gift from Okawaru
 13593 | Lair:1   | Reached skill level 16 in Long Blades
 13777 | Lair:1   | Noticed a four-headed hydra
 13811 | Lair:1   | Killed a four-headed hydra
 14100 | Lair:1   | Reached skill level 1 in Maces & Flails
 14122 | Lair:1   | Received a gift from Okawaru
 14123 | Lair:1   | Got a transparent scimitar {god gift}
 14124 | Lair:1   | Identified the +3 scimitar "Goat Tub" {freeze, Int-2} (Okawaru gifted it to you on level 1 of the Lair of Beasts)
 14419 | Lair:1   | Reached skill level 10 in Armour
 14787 | Lair:1   | Noticed Gastronok
 14802 | Lair:1   | Killed Gastronok
 14802 | Lair:1   | Received a gift from Okawaru
 14802 | Lair:1   | Reached skill level 5 in Shields
 14802 | Lair:1   | Reached XP level 12. HP: 88/90 MP: 12/19
 16136 | Lair:3   | Noticed a four-headed hydra
 16495 | Lair:3   | Killed a four-headed hydra
 17514 | Lair:4   | Noticed a five-headed hydra
 17526 | Lair:4   | Killed a five-headed hydra
 17682 | Lair:4   | Noticed Maud
 17704 | Lair:4   | Killed Maud
 17919 | Lair:4   | Found a staircase to the Shoals.
 18110 | Lair:4   | Noticed Rupert
 18123 | Lair:4   | Killed Rupert
 18123 | Lair:4   | Reached XP level 13. HP: 54/99 MP: 12/20
 18669 | Lair:5   | Reached skill level 5 in Fighting
 19268 | Lair:5   | Received a gift from Okawaru
 19268 | Lair:5   | Reached skill level 10 in Shields
 19850 | Lair:5   | Noticed Fannar
 19863 | Lair:5   | Killed Fannar
 19869 | Lair:5   | Received a gift from Okawaru
 20385 | Lair:6   | Received a gift from Okawaru
 20707 | Lair:6   | Received a gift from Okawaru
 20743 | Lair:6   | Reached XP level 14. HP: 101/116 MP: 20/20
 20761 | Lair:6   | Found a staircase to the Snake Pit.
 21780 | Lair:7   | Gained mutation: You occasionally shout uncontrollably at your foes. [potion of mutation]
 21780 | Lair:7   | Gained mutation: Space occasionally distorts in your vicinity. [potion of mutation]
 21780 | Lair:7   | Gained mutation: You are partially covered in icy blue scales (AC +1). [potion of mutation]
 21781 | Lair:7   | Lost mutation: Space occasionally distorts in your vicinity. [potion of cure mutation]
 21781 | Lair:7   | Lost mutation: You occasionally shout uncontrollably at your foes. [potion of cure mutation]
 21781 | Lair:7   | Lost mutation: You are partially covered in icy blue scales (AC +1). [potion of cure mutation]
 21833 | Lair:7   | Reached skill level 17 in Long Blades
 22088 | Lair:7   | Received a gift from Okawaru
 22626 | Lair:7   | Reached skill level 10 in Fighting
 22893 | Lair:7   | Received a gift from Okawaru
 23346 | Lair:1   | Upgraded the game from 0.15.0-23-gc2b521c to 0.15.0-25-gd84c1e8
 23396 | D:9      | Killed a 17-headed hydra
 23519 | D:9      | Noticed an orc knight
 23541 | D:9      | Killed an orc knight
 23734 | D:9      | Noticed tehnar's ghost (experienced DrVM)
 23744 | D:9      | Killed tehnar's ghost
 23930 | D:9      | Noticed a wolf spider
 24487 | Orc:1    | Entered Level 1 of the Orcish Mines
 25345 | Orc:1    | Noticed Grum
 25372 | Orc:1    | Killed Grum
 26155 | Orc:3    | Found Iciolejaos' Book Shop.
 26201 | Orc:3    | Found a staircase to the Elven Halls.
 26216 | Orc:3    | Noticed Nessos
 26250 | Orc:3    | Killed Nessos
 26250 | Orc:3    | Reached skill level 1 in Throwing
 27486 | Lair:8   | Entered Level 8 of the Lair of Beasts
 27493 | Lair:8   | Reached skill level 15 in Armour
 28358 | Lair:8   | Reached skill level 18 in Long Blades
 28427 | Lair:8   | Reached XP level 15. HP: 118/128 MP: 21/21
 28525 | Lair:8   | Received a gift from Okawaru
 28682 | Lair:8   | Found a staircase to the Slime Pits.
 29340 | Orc:4    | Entered Level 4 of the Orcish Mines
 30041 | Orc:4    | Found Neitz's Jewellery Shoppe.
 30232 | Orc:4    | Reached skill level 5 in Throwing
 31030 | Orc:4    | Found Mnonuap's Magic Scroll Emporium.
 31030 | Orc:4    | Found Mniap's Antique Armour Emporium.
 31031 | Orc:4    | Found Pnay's Assorted Antiques.
 31044 | Orc:4    | Found Kluriaf's Book Shoppe.
 31245 | Orc:4    | Bought a scroll of enchant armour for 90 gold pieces
 31545 | Orc:4    | Bought the ring of Lailammakeo {+Fly Dex+3 Int+3} for 556 gold pieces
 31845 | Shoals:1 | Entered Level 1 of the Shoals
 31918 | Shoals:1 | Reached skill level 1 in Evocations
 33568 | Shoals:2 | Received a gift from Okawaru
 33579 | Shoals:2 | Noticed Polyphemus
 33596 | Shoals:2 | Killed Polyphemus
 33952 | Shoals:2 | Got a crude shield {god gift}
 33965 | Shoals:2 | Identified the +2 shield of Thepirgh {rC+} (Okawaru gifted it to you on level 2 of the Shoals)
 34555 | Shoals:2 | Reached skill level 10 in Dodging
 35255 | Shoals:3 | Gained mutation: You are surrounded by a mild repulsion field (EV +2). [potion of mutation]
 35255 | Shoals:3 | Gained mutation: You heal slowly when monsters are visible. [potion of mutation]
 35255 | Shoals:3 | Gained mutation: Your body is slowly deteriorating. [potion of mutation]
 35256 | Shoals:3 | Lost mutation: Your body is slowly deteriorating. [potion of cure mutation]
 35256 | Shoals:3 | Lost mutation: You are surrounded by a mild repulsion field (EV +2). [potion of cure mutation]
 35256 | Shoals:3 | Lost mutation: You heal slowly when monsters are visible. [potion of cure mutation]
 35359 | Shoals:3 | Found Oceoso's Distillery.
 35379 | Shoals:3 | Reached XP level 16. HP: 55/136 MP: 19/22
 35609 | Shoals:3 | Bought a potion of beneficial mutation for 700 gold pieces
 35609 | Shoals:3 | Bought 2 potions of haste for 280 gold pieces
 35609 | Shoals:3 | Bought a potion of resistance for 140 gold pieces
 35610 | Shoals:3 | Gained mutation: You can spit poison. [potion of beneficial mutation]
 36262 | Shoals:4 | Noticed Louise
 36768 | Shoals:4 | Killed Louise
 36963 | Shoals:4 | Noticed Norris
 36964 | Shoals:4 | Paralysed by something for 6 turns
 37005 | Shoals:4 | Killed Norris
 37005 | Shoals:4 | Received a gift from Okawaru
 37764 | Snake:1  | Entered Level 1 of the Snake Pit
 38391 | Snake:1  | Received a gift from Okawaru
 39567 | Snake:2  | Received a gift from Okawaru
 40260 | Snake:3  | Noticed Nikola
 40296 | Snake:3  | Killed Nikola
 40300 | Snake:3  | Received a gift from Okawaru
 40367 | Snake:3  | Received a gift from Okawaru
 40859 | Snake:3  | Reached XP level 17. HP: 141/141 MP: 22/22
 41164 | Snake:4  | Noticed Vashnia
 41184 | Snake:4  | Killed Vashnia
 42110 | Snake:4  | Found a bloodstained altar of Trog.
 42646 | Snake:4  | Identified a scroll of acquirement
 43084 | Shoals:5 | Entered Level 5 of the Shoals
 43100 | Shoals:5 | Received a gift from Okawaru
 43101 | Shoals:5 | Got a twisted chain mail {god gift}
 43187 | Shoals:5 | Reached skill level 15 in Shields
 43699 | Shoals:4 | Reached skill level 19 in Armour
 44130 | Shoals:5 | Reached skill level 5 in Evocations
 44619 | Shoals:5 | Identified a +0 pair of boots of running (You found it on level 5 of the Shoals)
 44845 | Shoals:5 | Got a barnacled rune of Zot
 45200 | Shoals:5 | Noticed Ilsuiw
 45227 | Shoals:5 | Killed Ilsuiw
 45987 | Shoals:5 | Received a gift from Okawaru
 46094 | Shoals:5 | Reached XP level 18. HP: 138/149 MP: 15/23
 46698 | Snake:5  | Entered Level 5 of the Snake Pit
 46698 | Snake:5  | Noticed Saint Roka
 47140 | Snake:5  | Noticed Roxanne
 47376 | Snake:5  | Noticed Aizul
 47444 | Snake:5  | Got a serpentine rune of Zot
 47938 | Snake:5  | Reached skill level 20 in Armour
 48334 | Snake:5  | Received a gift from Okawaru
 49722 | Snake:5  | Killed Aizul
 50359 | Snake:5  | Killed Saint Roka
 50942 | D:11     | Noticed dibs' ghost (powerful GrMo)
 50950 | D:11     | Killed dibs' ghost
 51566 | D:11     | Upgraded the game from 0.15.0-25-gd84c1e8 to 0.15.0-27-gbdb0435
 51951 | D:12     | Received a gift from Okawaru
 53292 | D:14     | Received a gift from Okawaru
 53295 | D:14     | Reached XP level 19. HP: 141/156 MP: 27/27
 53331 | D:14     | Found a gate to the Vaults.
 53366 | D:14     | Reached skill level 10 in Evocations
 53918 | D:14     | Found a portal to a secret trove of treasure.
 54375 | D:15     | Entered Level 15 of the Dungeon
 54413 | D:15     | Reached skill level 21 in Armour
 54434 | D:15     | Found a staircase to the Depths.
 54622 | D:15     | Received a gift from Okawaru
 55604 | Vaults:1 | Entered Level 1 of the Vaults
 55674 | Vaults:1 | Received a gift from Okawaru
 55946 | Vaults:1 | Noticed Wiglaf
 55973 | Vaults:1 | Killed Wiglaf
 56380 | Vaults:1 | Received a gift from Okawaru
 56485 | Vaults:1 | Found an iron altar of Okawaru.
 57224 | Vaults:2 | Received a gift from Okawaru
 57590 | Vaults:2 | Found a flickering gateway to a bazaar.
 57656 | Bazaar   | Entered a bazaar
 57656 | Bazaar   | Found Ifiux's Book Shop.
 57662 | Bazaar   | Found Crodinuz's Book Shoppe.
 57664 | Bazaar   | Found Qafeg's Weapon Emporium.
 57667 | Bazaar   | Found Cuadaac's General Store.
 57695 | Bazaar   | Bought a scroll of enchant armour for 112 gold pieces
 58566 | Vaults:3 | Noticed Mara
 58578 | Vaults:3 | Noticed DuloT34's illusion
 58580 | Vaults:3 | Killed Mara
 58580 | Vaults:3 | Received a gift from Okawaru
 58580 | Vaults:3 | Reached XP level 20. HP: 164/170 MP: 22/29
 58622 | Vaults:3 | Noticed Agnes
 58631 | Vaults:3 | Killed Agnes
 59213 | Vaults:3 | Received a gift from Okawaru
 59242 | Vaults:3 | Noticed Jory
 59259 | Vaults:3 | Killed Jory
 59311 | Vaults:3 | Reached skill level 15 in Dodging
 59319 | Vaults:3 | Received a gift from Okawaru
 60672 | Vaults:3 | Found a staircase to the Crypt.
 61158 | Vaults:4 | Gained mutation: Your spells are a little harder to cast, but a little more powerful. [a shining eye]
 61255 | Vaults:4 | Noticed Mennas
 61297 | Vaults:4 | Killed Mennas
 61381 | Vaults:4 | Received a gift from Okawaru
 61518 | Vaults:4 | Reached skill level 15 in Fighting
 61887 | Vaults:4 | Reached skill level 22 in Armour
 62373 | Vaults:4 | Reached XP level 21. HP: 144/185 MP: 29/29
 63341 | Elf:1    | Entered Level 1 of the Elven Halls
 63732 | Elf:1    | Noticed Frances
 63745 | Elf:1    | Killed Frances
 63830 | Elf:1    | Found a burning altar of Makhleb.
 64196 | Elf:1    | Found Etyerr's Assorted Antiques.
 64204 | Elf:1    | Bought a scroll of blinking for 307 gold pieces
 64362 | Elf:2    | Found a flickering gateway to a bazaar.
 64440 | Bazaar   | Entered a bazaar
 64440 | Bazaar   | Found Kloacep's Antique Armour Shoppe.
 64440 | Bazaar   | Found Veogouj's Distillery.
 64444 | Bazaar   | Found Sul Pnua's Antique Armour Shoppe.
 64452 | Bazaar   | Bought a pair of runed gloves for 126 gold pieces
 64457 | Bazaar   | Found Oqaomaig's Distillery.
 64462 | Bazaar   | Bought a potion of resistance for 91 gold pieces
 64462 | Bazaar   | Bought a potion of haste for 91 gold pieces
 64467 | Bazaar   | Bought a potion of heal wounds for 24 gold pieces
 65274 | Depths:1 | Entered Level 1 of the Depths
 65285 | Depths:1 | Paralysed by something for 7 turns
 65484 | Depths:1 | Found a sparkling altar of Nemelex Xobeh.
 65546 | Depths:1 | Received a gift from Okawaru
 65672 | Depths:1 | Reached skill level 23 in Armour
 65684 | Depths:1 | Received a gift from Okawaru
 65746 | Depths:1 | Found a gateway to Hell.
 66097 | Depths:1 | Noticed the Enchantress
 66109 | Depths:1 | Killed the Enchantress
 66150 | Depths:1 | Got a faerie dragon armour
 66151 | Depths:1 | Identified the -2 faerie dragon armour {Dex-3 Int+3} (You took it off the Enchantress on level 1 of the Depths)
 66265 | Depths:1 | Found Codo's Jewellery Shoppe.
 66894 | Depths:2 | Upgraded the game from 0.15.0-27-gbdb0435 to 0.15.0-29-ga8e3430
 67079 | Depths:2 | Found a gateway to a ziggurat.
 67737 | Depths:2 | Received a gift from Okawaru
 68135 | Depths:2 | Found a one-way gate leading to the halls of Pandemonium.
 68139 | Depths:2 | Reached XP level 22. HP: 199/201 MP: 30/30
 68330 | Depths:2 | Received a gift from Okawaru
 68605 | Depths:3 | Received a gift from Okawaru
 68614 | Depths:3 | Paralysed by a vampire knight for 6 turns
 68976 | Depths:3 | Received a gift from Okawaru
 69426 | Depths:4 | Reached skill level 24 in Armour
 69498 | Depths:4 | Noticed Boris
 69506 | Depths:4 | Killed Boris
 69733 | Depths:4 | Found a magical portal.
 69818 | WizLab   | Entered The Roulette of Golubria
 69985 | WizLab   | Found a corrupted altar of Lugonu.
 70249 | WizLab   | Found a corrupted altar of Lugonu.
 70636 | WizLab   | Got a twisted cloak
 70637 | WizLab   | Identified the cursed -2 cloak of Catatonia {rPois rN+ Dex+3 Slay+2} (You found it in a wizard's laboratory)
 70658 | WizLab   | Got a dazzling cloak
 70660 | WizLab   | Identified the cursed -4 cloak of the Bagpipe {Int+2} (You found it in a wizard's laboratory)
 70666 | WizLab   | Got a fine cloak
 70667 | WizLab   | Identified the +2 cloak "Jearphola" {+Rage MR+ Stlth--} (You found it in a wizard's laboratory)
 70930 | Depths:4 | Found a one-way gate to the infinite horrors of the Abyss.
 70969 | Depths:4 | Paralysed by a great orb of eyes for 7 turns
 71671 | Depths:4 | Paralysed by a vampire knight for 3 turns
 72451 | Elf:3    | Entered Level 3 of the Elven Halls
 72758 | Elf:3    | Cast into the Abyss (deep elf sorcerer)
 72966 | Abyss:1  | Gained mutation: You are weak. (Str -2) [a neqoxec]
 73211 | Abyss:1  | Received a gift from Okawaru
 73242 | Abyss:1  | Gained mutation: You are very weak. (Str -4) [a neqoxec]
 73250 | Abyss:1  | Gained mutation: Your magical capacity is low (-10% MP). [a neqoxec]
 73268 | Abyss:1  | Reached XP level 23. HP: 213/213 MP: 27/27
 73317 | Elf:3    | Escaped the Abyss
 73817 | Elf:3    | Got a steaming lapis lazuli ring
 73818 | Elf:3    | Identified the ring of Devotion {rF+ rC+} (You took it off a deep elf blademaster on level 3 of the Elven Halls)
 73858 | Elf:3    | Got a fine platinum ring
 73860 | Elf:3    | Identified the ring "Loroul" {+Fly rF+ Dex+3} (You took it off a deep elf demonologist on level 3 of the Elven Halls)
 74025 | Elf:3    | Reached skill level 25 in Armour
 74038 | Elf:3    | Cast into the Abyss (deep elf demonologist)
 74063 | Elf:3    | Escaped the Abyss
 75303 | Depths:5 | Entered Level 5 of the Depths
 75628 | Depths:5 | Received a gift from Okawaru
 75711 | Depths:5 | Found a gate to the Realm of Zot.
 75951 | Depths:5 | Received a gift from Okawaru
 76208 | Depths:5 | Reached XP level 24. HP: 214/225 MP: 27/27
 76267 | Depths:5 | Received a gift from Okawaru
 76849 | Depths:5 | Received a gift from Okawaru
 77582 | Vaults:5 | Entered Level 5 of the Vaults
 78635 | Vaults:5 | Noticed heinrich's ghost (great DsWn)
 78651 | Vaults:5 | Killed heinrich's ghost
 78657 | Vaults:5 | Noticed an ancient lich
 78667 | Vaults:5 | Killed an ancient lich
 79040 | Vaults:5 | Paralysed by a lich for 5 turns
 79073 | Vaults:5 | Cast into the Abyss (deep elf demonologist)
 79091 | Vaults:5 | Escaped the Abyss
 79147 | Vaults:4 | Received a gift from Okawaru
 79334 | Vaults:5 | Reached XP level 25. HP: 196/234 MP: 24/28
 79352 | Vaults:5 | Noticed Margery
 79634 | Vaults:5 | Killed Margery
 79687 | Vaults:5 | Got a wavering golden ring
 79688 | Vaults:5 | Identified the ring "Luzxud" {rC+ rN+ MR+ Stlth--} (You took it off an orc on level 5 of the Vaults)
 80092 | Vaults:5 | Received a gift from Okawaru
 80313 | Vaults:5 | Got a jewelled storm dragon armour
 80314 | Vaults:5 | Identified the cursed -4 storm dragon armour of Toiv {rElec Dex+3 Int+4} (You found it on level 5 of the Vaults)
 80476 | Vaults:5 | Got a silver rune of Zot
 80765 | Vaults:5 | Got a fine ivory ring
 80767 | Vaults:5 | Identified the ring "Viyx" {+Fly rC++} (You found it on level 5 of the Vaults)
 81414 | D:10     | Noticed Psyche
 81420 | D:10     | Killed Psyche
 81555 | Temple   | Fell from the grace of Okawaru
 81555 | Temple   | Became a worshipper of the Shining One
 82000 | Crypt:1  | Entered Level 1 of the Crypt
 82124 | Crypt:1  | Reached skill level 26 in Armour
 82190 | Crypt:1  | Got a bloodstained shield
 82202 | Crypt:1  | Identified the +0 shield of Indemnity {+Rage rC+ Curse} (You found it on level 1 of the Crypt)
 82479 | Crypt:1  | Acquired the Shining One's first power
 82641 | Crypt:2  | Lost mutation: Your magical capacity is low (-10% MP). [potion of cure mutation]
 82641 | Crypt:2  | Lost mutation: You are very weak. (Str -4) [potion of cure mutation]
 82641 | Crypt:2  | Lost mutation: You are weak. (Str -2) [potion of cure mutation]
 82652 | Crypt:2  | Noticed Khufu
 82660 | Crypt:2  | Acquired the Shining One's second power
 82674 | Crypt:2  | Killed Khufu
 84003 | Depths:4 | Voluntarily entered the Abyss.
 84169 | Abyss:1  | Acquired the Shining One's third power
 85022 | Abyss:1  | Acquired the Shining One's fourth power
 85379 | Abyss:1  | Reached XP level 26. HP: 248/248 MP: 32/32
 85470 | Abyss:1  | Found a shadowy altar of Dithmenos.
 85525 | Abyss:1  | Found a shadowy altar of Dithmenos.
 86136 | Abyss:1  | Gained mutation: You are weak. (Str -2) [a neqoxec]
 86428 | Abyss:1  | Reached skill level 27 in Armour
 86598 | Abyss:2  | Gained mutation: You are dopey. (Int -2) [a neqoxec]
 86626 | Abyss:3  | Was forgiven by Okawaru
 86697 | Abyss:3  | Gained mutation: You are very dopey. (Int -4) [a neqoxec]
 86698 | Abyss:3  | Gained mutation: You are clumsy. (Dex -2) [a neqoxec]
 86813 | Abyss:3  | Lost mutation: You can spit poison. [potion of cure mutation]
 86813 | Abyss:3  | Lost mutation: Your spells are a little harder to cast, but a little more powerful. [potion of cure mutation]
 86813 | Abyss:3  | Lost mutation: You are very dopey. (Int -4) [potion of cure mutation]
 86813 | Abyss:3  | Lost mutation: You are dopey. (Int -2) [potion of cure mutation]
 86813 | Abyss:3  | Lost mutation: You are clumsy. (Dex -2) [potion of cure mutation]
 86816 | Abyss:3  | Lost mutation: You are weak. (Str -2) [potion of cure mutation]
 86861 | Abyss:3  | Got an abyssal rune of Zot
 87347 | Abyss:3  | Found a deep blue altar of Sif Muna.
 87404 | Depths:4 | Escaped the Abyss
 87768 | Crypt:3  | Entered Level 3 of the Crypt
 88008 | Crypt:3  | Found a staircase to the Tomb.
 90829 | Slime:1  | Entered Level 1 of the Pits of Slime
 92418 | Slime:4  | Reached XP level 27. HP: 254/254 MP: 33/33
 93558 | Slime:6  | Entered Level 6 of the Pits of Slime
 93840 | Slime:6  | Noticed the royal jelly
 93919 | Slime:6  | Reached skill level 10 in Invocations
 93968 | Slime:6  | Found a viscous altar of Jiyva.
 94454 | Slime:6  | Killed the royal jelly
 94762 | Slime:6  | Got a slimy rune of Zot
 94859 | Slime:6  | Identified the Collected Works on the Ashen Traveller
 95907 | Hell     | Entered the Vestibule of Hell
 95907 | Hell     | Noticed Geryon
 95917 | Hell     | Killed Geryon
 96065 | Hell     | Gained mutation: Your spells are a little easier to cast, but a little less powerful. [a cacodemon]
 96069 | Hell     | Gained mutation: Armour fits poorly on your strangely shaped body. [a cacodemon]
 96076 | Hell     | Gained mutation: You are frail (-10% HP). [a cacodemon]
 96079 | Hell     | Gained mutation: Space occasionally distorts in your vicinity. [a cacodemon]
 96171 | Depths:1 | Learned a level 2 spell: Shroud of Golubria
 96423 | D:12     | Lost mutation: Your spells are a little easier to cast, but a little less powerful. [potion of cure mutation]
 96423 | D:12     | Lost mutation: You are frail (-10% HP). [potion of cure mutation]
 96423 | D:12     | Lost mutation: Armour fits poorly on your strangely shaped body. [potion of cure mutation]
 96572 | Orc:4    | Bought a book of Wizardry for 390 gold pieces
 96580 | Orc:4    | Learned a level 6 spell: Haste
 97007 | Hell     | Reached skill level 1 in Charms
 97099 | Hell     | Found a gateway to the freezing wastes of Cocytus.
 97136 | Hell     | Found a gateway to the Iron City of Dis.
 97314 | Hell     | Found a gateway to the ashen valley of Gehenna.
 97383 | Hell     | Found a gateway to the decaying netherworld of Tartarus.
 97437 | Tar:1    | Entered Level 1 of Tartarus
 97479 | Tar:1    | Reached skill level 5 in Charms
 98260 | Tar:1    | Lost intelligence.
 99209 | Depths:1 | Upgraded the game from 0.15.0-29-ga8e3430 to 0.15.0-31-geb66e34
 99411 | Pan      | Entered Pandemonium
 99670 | Pan      | Found an exit through the horrors of the Abyss.
 99911 | Pan      | Reached skill level 10 in Charms
100514 | Pan      | Gained mutation: Your muscles are strong. (Str +2) [a neqoxec]
100634 | Pan      | Found an exit through the horrors of the Abyss.
100732 | Pan      | Gained mutation: Your magical capacity is low (-10% MP). [a neqoxec]
100733 | Pan      | Gained mutation: You have a beak for a mouth. [a neqoxec]
101053 | Pan      | Got a smoking ivory ring
101054 | Pan      | Identified the cursed ring "Sueliunn" {rElec AC-3 Stlth-} (You took it off a monstrous demonspawn in Pandemonium)
101118 | Pan      | Entered the realm of Gloorx Vloq.
101402 | Pan      | Noticed Gloorx Vloq
101411 | Pan      | Killed Gloorx Vloq
101420 | Pan      | Got a dark rune of Zot
101911 | Pan      | Found an exit through the horrors of the Abyss.
102130 | Pan      | Took an exit into the Abyss.
102130 | Abyss:1  | Escaped into the Abyss
102143 | Depths:2 | Escaped the Abyss
102572 | Tomb:1   | Entered Level 1 of the Tomb of the Ancients
106740 | Pan      | Entered Pandemonium
106852 | Pan      | Reached skill level 15 in Charms
106896 | Pan      | Found an exit through the horrors of the Abyss.
107085 | Pan      | Noticed ztt's ghost (legendary GrFi)
107148 | Pan      | Killed ztt's ghost
107680 | Pan      | Found an exit through the horrors of the Abyss.
107915 | Pan      | Noticed Shrubim the pandemonium lord
107934 | Pan      | Killed Shrubim the pandemonium lord
108550 | Pan      | Found an exit through the horrors of the Abyss.
108654 | Pan      | Noticed Ewuic the pandemonium lord
108675 | Pan      | Killed Ewuic the pandemonium lord
108896 | Pan      | Took an exit into the Abyss.
108896 | Abyss:1  | Escaped into the Abyss
108896 | Abyss:1  | Noticed an ancient lich
108899 | Abyss:1  | Killed an ancient lich
108930 | Depths:2 | Escaped the Abyss
109363 | Zig:1    | Entered Level 1 of a ziggurat
109389 | Zig:2    | Entered Level 2 of a ziggurat
109407 | Zig:2    | Lost intelligence.
109476 | Zig:3    | Entered Level 3 of a ziggurat
109484 | Zig:3    | Paralysed by accursed screaming for 2 turns
109485 | Zig:3    | Gained mutation: You occasionally shout uncontrollably at your foes. [a cacodemon]
109601 | Zig:4    | Entered Level 4 of a ziggurat
109720 | Zig:5    | Entered Level 5 of a ziggurat
109771 | Zig:6    | Entered Level 6 of a ziggurat
109849 | Zig:7    | Entered Level 7 of a ziggurat
109924 | Zig:7    | Got a steaming wooden ring
109927 | Zig:7    | Identified the ring "Vacu Cat" {rF+ Int+3 Slay+4} (You found it on level 7 of a ziggurat)
109944 | Zig:8    | Entered Level 8 of a ziggurat
110063 | Zig:9    | Entered Level 9 of a ziggurat
110070 | Zig:9    | Noticed Oqocalyrri the pandemonium lord
110094 | Zig:9    | Killed Oqocalyrri the pandemonium lord
110159 | Zig:9    | Lost mutation: Your magical capacity is low (-10% MP). [potion of cure mutation]
110159 | Zig:9    | Lost mutation: Your muscles are strong. (Str +2) [potion of cure mutation]
110159 | Zig:9    | Lost mutation: You occasionally shout uncontrollably at your foes. [potion of cure mutation]
110159 | Zig:9    | Lost mutation: Space occasionally distorts in your vicinity. [potion of cure mutation]
110234 | Pan      | Entered the realm of Lom Lobon.
110234 | Pan      | Entered Pandemonium
110234 | Pan      | Found an exit through the horrors of the Abyss.
111345 | Pan      | Noticed Lom Lobon
111363 | Pan      | Killed Lom Lobon
111385 | Pan      | Got a magical rune of Zot
111583 | Pan      | Took an exit into the Abyss.
111583 | Abyss:1  | Escaped into the Abyss
111612 | Depths:2 | Escaped the Abyss
112128 | Shoals:3 | Bought a potion of resistance for 140 gold pieces
112661 | Pan      | Entered Pandemonium
112792 | Pan      | Found an exit through the horrors of the Abyss.
113192 | Pan      | Noticed Inehiomp the pandemonium lord
113205 | Pan      | Killed Inehiomp the pandemonium lord
115190 | Pan      | Got a demonic rune of Zot
115244 | Depths:2 | Escaped Pandemonium
115252 | Pan      | Entered Pandemonium
115337 | Pan      | Reached skill level 10 in Throwing
115669 | Pan      | Noticed Massuymn the pandemonium lord
115677 | Pan      | Killed Massuymn the pandemonium lord
115911 | Pan      | Found an exit through the horrors of the Abyss.
116210 | Pan      | Found a glowing golden altar of the Shining One.
116350 | Pan      | Got a flickering platinum ring
116368 | Pan      | Identified the cursed ring of Midwinter {AC-3 Str+2 Int+4} (You found it in Pandemonium)
116370 | Pan      | Upgraded the game from 0.15.0-31-geb66e34 to 0.15.0-34-g666c3a1
117047 | Pan      | Found a glowing silver altar of Zin.
117543 | Pan      | Identified the Papyrus of Conjuration (You found it in Pandemonium)
117548 | Pan      | Got a dazzling storm dragon armour
117549 | Pan      | Identified the +0 storm dragon armour of Untruth {+Fly rElec SInv} (You found it in Pandemonium)
117568 | Depths:2 | Escaped Pandemonium
117570 | Pan      | Entered Pandemonium
117929 | Pan      | Found an exit through the horrors of the Abyss.
118033 | Pan      | Got a dazzling hat
118034 | Pan      | Identified the cursed +1 hat of the Depths {rC+ MR+} (You found it in Pandemonium)
118219 | Pan      | Entered the realm of Mnoleg.
118273 | Pan      | Reached skill level 27 in Fighting
118323 | Pan      | Gained mutation: You can breathe flames. [potion of beneficial mutation]
118471 | Pan      | Gained mutation: Your body is slowly deteriorating. [a cacodemon]
118514 | Pan      | Reached skill level 15 in Throwing
118581 | Pan      | Paralysed by a giant eyeball for 2 turns
118637 | Pan      | Noticed Mnoleg
118662 | Pan      | Killed Mnoleg
118676 | Pan      | Got a glowing rune of Zot
118809 | Pan      | Lost mutation: Your body is slowly deteriorating. [potion of cure mutation]
118809 | Pan      | Lost mutation: You can breathe flames. [potion of cure mutation]
118809 | Pan      | Lost mutation: You have a beak for a mouth. [potion of cure mutation]
118838 | Pan      | Found an exit through the horrors of the Abyss.
118847 | Pan      | Took an exit into the Abyss.
118847 | Abyss:1  | Escaped into the Abyss
118847 | Abyss:1  | Found a corrupted altar of Lugonu.
118932 | Abyss:1  | Found a corrupted altar of Lugonu.
119065 | Abyss:1  | Got a pitted pewter ring
119066 | Abyss:1  | Identified the ring of Coeg {rPois rC+} (You found it on level 1 of the Abyss)
119073 | Depths:2 | Escaped the Abyss
119086 | Pan      | Entered Pandemonium
119353 | Pan      | Found an exit through the horrors of the Abyss.
119955 | Pan      | Entered the realm of Cerebov.
120102 | Pan      | Noticed Cerebov
120149 | Pan      | Killed Cerebov
120180 | Pan      | Got a scintillating steel ring
120181 | Pan      | Identified the ring of the Sun {rPois rN+} (You found it in Pandemonium)
120349 | Pan      | Got a fiery rune of Zot
120513 | Pan      | Got a heavily runed brass amulet
120514 | Pan      | Identified the amulet of Denn {Spirit rElec rN+ MR+} (You found it in Pandemonium)
120561 | Pan      | Got a sparkling brass ring
120562 | Pan      | Identified the ring of the Trilobite {+Blink rN+ MR+} (You found it in Pandemonium)
120662 | Pan      | Found an exit through the horrors of the Abyss.
120705 | Pan      | Took an exit into the Abyss.
120705 | Abyss:1  | Escaped into the Abyss
120768 | Depths:2 | Escaped the Abyss
122335 | Tomb:3   | Entered Level 3 of the Tomb of the Ancients
122597 | Tomb:3   | Was placed under penance by the Shining One
123387 | Pan      | Entered Pandemonium
123559 | Pan      | Noticed Fyunyb the pandemonium lord
123579 | Pan      | Killed Fyunyb the pandemonium lord
123977 | Pan      | Found an exit through the horrors of the Abyss.
124182 | Pan      | Took an exit into the Abyss.
124182 | Abyss:1  | Escaped into the Abyss
124554 | Abyss:1  | Gained mutation: Your magical capacity is low (-10% MP). [a neqoxec]
124942 | Abyss:1  | Was forgiven by the Shining One
125015 | Depths:2 | Escaped the Abyss
125856 | Tomb:3   | Noticed an ancient lich
125872 | Tomb:3   | Killed an ancient lich
126610 | Depths:4 | Voluntarily entered the Abyss.
127267 | Abyss:1  | Noticed an ancient lich
127273 | Abyss:1  | Killed an ancient lich
127475 | Abyss:1  | Found a corrupted altar of Lugonu.
127557 | Abyss:1  | Found a deep blue altar of Sif Muna.
127604 | Abyss:1  | Paralysed by accursed screaming for 1 turns
128228 | Depths:4 | Escaped the Abyss
129473 | Tomb:3   | Got a vibrating tin ring
129476 | Tomb:3   | Identified the ring "Imin" {rElec Str+3 Int+2 Stlth-} (You found it on level 3 of the Tomb of the Ancients)
129502 | Tomb:3   | Got an ancient turquoise ring
129503 | Tomb:3   | Identified the ring of Creativity {SustAb rPois Dex+3 Int+2 Stlth--} (You found it on level 3 of the Tomb of the Ancients)
129888 | Tomb:3   | Got a golden rune of Zot
129911 | Tomb:3   | Gained mutation: Your spells are a little harder to cast, but a little more powerful. [potion of beneficial mutation]
130772 | Temple   | Fell from the grace of the Shining One
130772 | Temple   | Became a worshipper of Zin the Law-Giver
130772 | Temple   | Acquired Zin's first power
130772 | Temple   | Acquired Zin's second power
130772 | Temple   | Acquired Zin's third power
132466 | Temple   | Donated 5386 gold pieces to Zin
132493 | D:5      | Acquired Zin's fourth power
132905 | Pan      | Entered Pandemonium
133049 | Pan      | Found an exit through the horrors of the Abyss.
133068 | Pan      | Took an exit into the Abyss.
133068 | Abyss:1  | Escaped into the Abyss
133068 | Abyss:1  | Found an iron altar of Okawaru.
133085 | Depths:2 | Escaped the Abyss
133521 | Temple   | Fell from the grace of Zin
133521 | Temple   | Became a worshipper of the Shining One
133957 | Pan      | Entered Pandemonium
134068 | Pan      | Found an exit through the horrors of the Abyss.
134963 | Pan      | Took an exit into the Abyss.
134963 | Abyss:1  | Escaped into the Abyss
134963 | Abyss:1  | Found a corrupted altar of Lugonu.
134990 | Depths:2 | Escaped the Abyss
135162 | Dis:1    | Entered Level 1 of the Iron City of Dis
136628 | Dis:7    | Entered Level 7 of the Iron City of Dis
136989 | Dis:7    | Reached skill level 27 in Dodging
137602 | Dis:7    | Reached skill level 15 in Evocations
137692 | Dis:7    | Got a wavering golden ring
137712 | Dis:7    | Identified the ring "Naniatin" {Fire Str+3 Int+3} (You took it off an iron imp on level 7 of the Iron City of Dis)
138076 | Dis:7    | Reached skill level 15 in Invocations
138134 | Dis:7    | Noticed Dispater
138169 | Dis:7    | Killed Dispater
138227 | Dis:7    | Got an iron rune of Zot
138392 | Coc:1    | Entered Level 1 of Cocytus
138999 | Coc:7    | Entered Level 7 of Cocytus
139185 | Coc:7    | Noticed the Serpent of Hell
139195 | Coc:7    | Killed the Serpent of Hell
140280 | Coc:7    | Noticed Antaeus
140293 | Coc:7    | Killed Antaeus
140336 | Coc:7    | Got an icy rune of Zot
141175 | D:4      | Bought a bread ration for 50 gold pieces
141175 | D:4      | Bought a bread ration for 50 gold pieces
141175 | D:4      | Bought a meat ration for 50 gold pieces
141175 | D:4      | Bought a bread ration for 50 gold pieces
141175 | D:4      | Bought a bread ration for 50 gold pieces
142500 | Tar:7    | Entered Level 7 of Tartarus
144900 | Tar:7    | Noticed Ereshkigal
144936 | Tar:7    | HP: 11/255 [Ereshkigal/torment (4)]
144963 | Tar:7    | Killed Ereshkigal
144963 | Tar:7    | Reached skill level 27 in Shields
145022 | Tar:7    | Got a bone rune of Zot
145259 | Geh:1    | Entered Level 1 of Gehenna
146255 | Geh:7    | Entered Level 7 of Gehenna
147735 | Geh:7    | Noticed Asmodeus
147747 | Geh:7    | Killed Asmodeus
147763 | Geh:7    | Got an obsidian rune of Zot
148150 | Zot:1    | Entered Level 1 of the Realm of Zot
148169 | Zot:1    | Reached skill level 27 in Long Blades
149088 | Zot:2    | Noticed an orb of fire
149106 | Zot:2    | Killed an orb of fire
149450 | Zot:2    | Cast into the Abyss (a Zot trap)
149526 | Zot:2    | Escaped the Abyss
149646 | Zot:2    | Cast into the Abyss (a Zot trap)
149656 | Abyss:1  | Found a corrupted altar of Lugonu.
150064 | Abyss:1  | Gained mutation: You are clumsy. (Dex -2) [a cacodemon]
150135 | Zot:2    | Escaped the Abyss
152128 | Zot:4    | Noticed an orb of fire
152143 | Zot:4    | Killed an orb of fire
152431 | Zot:4    | Gained mutation: Your spells are harder to cast, but more powerful. [potion of beneficial mutation]
152533 | Zot:5    | Entered Level 5 of the Realm of Zot
152863 | Zot:5    | Noticed an ancient lich
152867 | Zot:5    | Killed an ancient lich
152891 | Zot:5    | Noticed an ancient lich
152904 | Zot:5    | Killed an ancient lich
152932 | Zot:5    | Noticed an ancient lich
152936 | Zot:5    | Noticed an orb of fire
152952 | Zot:5    | Killed an ancient lich
152954 | Zot:5    | Lost mutation: Your spells are harder to cast, but more powerful. [an orb of fire]
152960 | Zot:5    | Killed an orb of fire
152960 | Zot:5    | Reached skill level 27 in Invocations
152980 | Zot:5    | Noticed an orb of fire
152988 | Zot:5    | Killed an orb of fire
153130 | Zot:5    | Noticed an ancient lich
153143 | Zot:5    | Killed an ancient lich
153290 | Zot:5    | Noticed an orb of fire
153295 | Zot:5    | Gained mutation: You can breathe flames. [an orb of fire]
153302 | Zot:5    | Killed an orb of fire
153468 | Zot:5    | Got the Orb of Zot
154020 | D:6      | Noticed Grasooj the pandemonium lord
154190 | D:1      | Noticed Pauseys the pandemonium lord
154198 | D:1      | Killed Pauseys the pandemonium lord
154259 | D:$      | Escaped with the Orb!

Action                   |  1- 3 |  4- 6 |  7- 9 | 10-12 | 13-15 | 16-18 | 19-21 | 22-24 | 25-27 || total
-------------------------+-------+-------+-------+-------+-------+-------+-------+-------+-------++-------
Melee: Long sword        |   102 |    87 |   541 |   660 |       |       |       |       |       ||  1390
       Scimitar          |       |       |       |   412 |   149 |       |       |       |       ||   561
       Flail             |       |       |       |    26 |       |       |       |       |       ||    26
       Eudemon blade     |       |       |       |       |  1684 |  2088 |  2517 |  2079 |  9853 || 18221
Throw: Tomahawk          |       |       |     2 |     1 |    15 |    19 |     3 |       |       ||    40
       Javelin           |       |       |       |       |       |       |     5 |       |   110 ||   115
 Cast: Haste             |       |       |       |       |       |       |       |       |     3 ||     3
Invok: Heroism           |       |       |     2 |    19 |    15 |    19 |    20 |    20 |     2 ||    97
       Finesse           |       |       |       |     4 |     3 |     6 |     8 |     9 |     1 ||    31
       Divine Shield     |       |       |       |       |       |       |       |       |   106 ||   106
       Summon Divine War |       |       |       |       |       |       |       |       |    56 ||    56
       Cleansing Flame   |       |       |       |       |       |       |       |       |    71 ||    71
       Recite            |       |       |       |       |       |       |       |       |     1 ||     1
 Abil: Evoke Flight      |       |       |       |       |    13 |    33 |     1 |       |    28 ||    75
       Stop Flying       |       |       |       |       |     1 |     9 |       |       |    13 ||    23
       Spit Poison       |       |       |       |       |       |       |     3 |       |       ||     3
Evoke: Wand              |       |       |     3 |    19 |     4 |     1 |     1 |       |    57 ||    85
       Lamp of fire      |       |       |       |       |       |       |       |       |     8 ||     8
       Stone of tremors  |       |       |       |       |       |       |       |       |     3 ||     3
       Disc of storms    |       |       |       |       |       |       |       |       |     1 ||     1
  Use: Scroll            |     5 |     3 |     5 |     9 |    19 |    23 |    13 |    12 |    75 ||   164
       Potion            |     1 |     2 |       |     2 |     7 |    16 |     1 |     6 |    87 ||   122
 Stab: Distracted        |       |       |       |       |       |       |     1 |       |    55 ||    56
       Petrified         |       |       |       |       |       |       |       |       |     1 ||     1
  Eat: Chunk             |     2 |     3 |    18 |    12 |    40 |    35 |    30 |    18 |    65 ||   223
       Fruit             |       |       |     3 |    24 |    22 |     1 |       |     4 |     7 ||    61
       Pizza             |       |       |       |       |     4 |     5 |     2 |     2 |     4 ||    17
       Meat ration       |       |       |       |       |     1 |     1 |       |       |    31 ||    33
       Beef jerky        |       |       |       |       |       |     2 |       |     9 |    14 ||    25
       Royal jelly       |       |       |       |       |       |     2 |     7 |     2 |       ||    11
       Bread ration      |       |       |       |       |       |     2 |     1 |       |    33 ||    36
